 Dungeon Crawl Stone Soup version 0.24.0-125-gc4c63601f3 (webtiles) character file.

Game seed: 3917112897208287793, levelgen mode: deterministic

483 mortelune the Magician (level 7, 0/50 HPs)
             Began as a Gnoll Wanderer on Mar 7, 2020.
             Was an Initiate of Gozag.
             Slain by an ogre
             ... wielding a +0 giant club
              (10 damage)
             ... on level 4 of the Dungeon.
             The game lasted 00:09:53 (4261 turns).

mortelune the Magician (Gnoll Wanderer)             Turns: 4261, Time: 00:09:53

Health: 0/50       AC:  3    Str: 18    XL:     7   Next: 12%
Magic:  18/18      EV: 12    Int: 19    God:    Gozag
Gold:   231        SH:  0    Dex: 12    Spells: 9/21 levels left

rFire    . . .     SeeInvis .   A - +1 dire flail (drain)
rCold    . . .     Gourm    .   (shield currently unavailable)
rNeg     . . .     Faith    .   w - +0 leather armour
rPois    .         Spirit   .   (no helmet)
rElec    .         Reflect  .   o - scarf {cloud immunity}
rCorr    .         Harm     .   (no gloves)
MR       .....                  (no boots)
Stlth    ++........             (no amulet)
HPRegen  0.16/turn              t - +4 ring of intelligence
MPRegen  0.16/turn              B - +1 ring of slaying

@: gold aura
A: distributed training, fangs 1, strong nose
a: Potion Petition, Call Merchant, Bribe Branch, Renounce Religion


You were on level 4 of the Dungeon.
You worshipped Gozag.
Gozag was aware of your devotion.
You were not hungry.

You visited 2 branches of the dungeon, and saw 5 of its levels.

You collected 308 gold pieces.
You paid 77 gold pieces to Gozag.

Inventory:

Hand Weapons
 a - a +0 club
 k - a +0 short sword
 u - a +0 mace
 A - a +1 dire flail of draining (weapon)
Missiles
 n - 28 poisoned darts (quivered)
Armour
 c - a +0 robe
 o - a scarf of cloud immunity (worn)
 w - a +0 leather armour (worn)
Jewellery
 t - a +4 ring of intelligence (left hand)
 B - a +1 ring of slaying (right hand)
Wands
 l - a wand of random effects (14)
 p - a wand of flame (23)
Scrolls
 b - 2 scrolls of fear {unknown}
 e - 6 scrolls of teleportation {unknown}
 i - a scroll of noise {unknown}
 j - a scroll of identify {unknown}
 m - 2 scrolls of fog {unknown}
 q - a scroll of immolation {unknown}
 s - 2 scrolls of remove curse {unknown}
 y - a scroll of magic mapping {unknown}
 z - a scroll of blinking {unknown}
Potions
 d - a potion of flight {unknown}
 g - 2 potions of invisibility {unknown}
 h - a potion of lignification {unknown}
 r - 2 potions of might {unknown}
 v - a potion of agility {unknown}
 x - a potion of heal wounds {unknown}
Comestibles
 f - 3 rations


   Skills:
 + Level 2.2 Fighting
 + Level 2.2 Short Blades
 + Level 2.2 Long Blades
 + Level 2.2 Axes
 + Level 2.2 Maces & Flails
 + Level 2.2 Polearms
 + Level 2.2 Staves
 + Level 2.2 Slings
 + Level 2.2 Bows
 + Level 2.2 Crossbows
 + Level 2.2 Throwing
 + Level 2.2 Armour
 + Level 2.2 Dodging
 + Level 2.2 Stealth
 + Level 5.1 Shields
 + Level 2.2 Unarmed Combat
 + Level 7.5 Spellcasting
 + Level 4.2 Conjurations
 + Level 1.8 Hexes
 + Level 1.8 Charms
 + Level 1.8 Summonings
 + Level 1.8 Necromancy
 + Level 1.8 Translocations
 + Level 1.8 Transmutations
 + Level 5.7 Fire Magic
 + Level 1.8 Ice Magic
 + Level 1.8 Air Magic
 + Level 1.8 Earth Magic
 + Level 1.8 Poison Magic
 + Level 2.5 Invocations
 + Level 2.2 Evocations


You had 9 spell levels left.
You knew the following spells:

 Your Spells              Type           Power        Failure   Level  Hunger
a - Flame Tongue          Conj/Fire      ####.        1%          1    None
b - Magic Dart            Conj           ###.         1%          1    None
c - Mephitic Cloud        Conj/Pois/Air  ###.....     12%         3    #......
d - Blink                 Tloc           N/A          9%          2    None
e - Call Imp              Summ           ##......     9%          2    None
f - Conjure Flame         Conj/Fire      ####....     4%          3    #......

Your spell library contained the following spells:

 Spells                   Type           Power        Failure   Level  Hunger
 Animate Skeleton         Necr           N/A          5%          1    None
 Apportation              Tloc           ##....       5%          1    None
 Confusing Touch          Hex            ##....       5%          1    None
 Summon Small Mammal      Summ           ##..         5%          1    None
 Slow                     Hex            ##......     9%          2    None


Dungeon Overview and Level Annotations

Branches:
Dungeon (4/15)             Temple (1/1) D:4

Altars:
Ashenzari
Cheibriados
Dithmenos
Elyvilon
Fedhas
Gozag
Hepliaklqana
Kikubaaqudgha
Makhleb
Nemelex Xobeh
Okawaru
Qazlal
Ru
Sif Muna
Trog
Uskayaw
Wu Jian
Xom
Yredelemnul
Zin
The Shining One


Innate Abilities, Weirdness & Mutations

Your experience applies equally to all skills.
You have very sharp teeth.
Your uncanny sense of smell can sniff out nearby items.


Message History

An orc comes into view. It is wielding a +0 dagger.
The orc hits you but does no damage.
You see here 16 arrows.
You closely miss the orc. You bite the orc, but do no damage.
The orc hits you with a +0 dagger.
You barely miss the orc. The orc barely misses you.
You hit the orc. You drain the orc.
You kill the orc!
You now have 231 gold pieces (gained 8).
Things that are here:
a +0 dagger; a +0 leather armour The ogre shouts!
The ogre hits you with a +0 giant club!!
* * * LOW HITPOINT WARNING * * *
You hear an angry hiss.
You sock the ogre!
The ogre is moderately wounded.
The ogre hits you with a +0 giant club!
You die...
Your body crumbles into a pile of gold.

#.............################.#
##.#.##.######...................
...#.##########################.#
####.####........# #...# #.#
#.##......#.(.##..... ##.#
#.##.....##...#...So. ##... #
#.#......##...'.....O #.###
####......####..O# #.# #
.....###### #.[@# #.### ###### $
∆ #...# #.... # $ #...#
#########.### ∆
#..)####......##.#
+..(##......#....# ∆
#...##.....#####.# ∆ #...#......#
#.# ∆$∆ #...)....### #.### #
########## #....


You could see an ogre.

Vanquished Creatures
  Edmund (D:4)
  A scorpion (D:4)
  2 orc wizards
  Terence (D:3)
  An iguana (D:4)
  2 worker ants (D:4)
  8 adders
  An ooze (D:4)
  An adder skeleton (D:4)
  2 worms (D:2)
  A dart slug (D:3)
  2 leopard geckos
  4 orcs
  A ball python (D:2)
  9 bats
  10 giant cockroaches
  8 goblins
  4 hobgoblins
  4 jackals (D:4)
  4 kobolds
  A quokka (D:2)
  6 frilled lizards
  8 rats
82 creatures vanquished.

Vanquished Creatures (collateral kills)
  A goblin (D:2)
1 creature vanquished.

Grand Total: 83 creatures vanquished

Notes
Turn   | Place    | Note
-------+----------+-------------------------------------------
     0 | D:1      | mortelune the Gnoll Wanderer began the quest for the Orb.
     0 | D:1      | mortelune set off with the following items: a +0 club, a +0
                  | robe, a ration; and the following spells available to
                  | memorise: Flame Tongue, Magic Dart, Conjure Flame, Blink,
                  | Call Imp, Slow, Mephitic Cloud
     0 | D:1      | Reached XP level 1. HP: 13/13 MP: 8/8
     2 | D:1      | Learned a level 1 spell: Flame Tongue
   131 | D:1      | Reached XP level 2. HP: 19/19 MP: 8/10
   781 | D:1      | Reached XP level 3. HP: 25/25 MP: 9/11
   979 | D:2      | Learned a level 3 spell: Conjure Flame
   983 | D:2      | Learned a level 3 spell: Mephitic Cloud
   986 | D:2      | Learned a level 2 spell: Blink
   989 | D:2      | Learned a level 2 spell: Call Imp
  1000 | D:2      | Reached skill level 1 in Invocations
  1225 | D:2      | You fall into a shaft and drop 1 floor!
  1272 | D:3      | Reached skill level 1 in Fighting
  1272 | D:3      | Reached skill level 1 in Short Blades
  1272 | D:3      | Reached skill level 1 in Long Blades
  1272 | D:3      | Reached skill level 1 in Axes
  1272 | D:3      | Reached skill level 1 in Maces & Flails
  1272 | D:3      | Reached skill level 1 in Polearms
  1272 | D:3      | Reached skill level 1 in Staves
  1272 | D:3      | Reached skill level 1 in Slings
  1272 | D:3      | Reached skill level 1 in Bows
  1272 | D:3      | Reached skill level 1 in Crossbows
  1272 | D:3      | Reached skill level 1 in Throwing
  1272 | D:3      | Reached skill level 1 in Armour
  1272 | D:3      | Reached skill level 1 in Dodging
  1272 | D:3      | Reached skill level 1 in Stealth
  1272 | D:3      | Reached skill level 1 in Unarmed Combat
  1272 | D:3      | Reached skill level 1 in Evocations
  1272 | D:3      | Reached XP level 4. HP: 25/32 MP: 4/13
  1927 | D:2      | Reached skill level 1 in Hexes
  1927 | D:2      | Reached skill level 1 in Charms
  1927 | D:2      | Reached skill level 1 in Summonings
  1927 | D:2      | Reached skill level 1 in Necromancy
  1927 | D:2      | Reached skill level 1 in Translocations
  1927 | D:2      | Reached skill level 1 in Transmutations
  1927 | D:2      | Reached skill level 1 in Ice Magic
  1927 | D:2      | Reached skill level 1 in Air Magic
  1927 | D:2      | Reached skill level 1 in Earth Magic
  1927 | D:2      | Reached skill level 1 in Poison Magic
  2207 | D:3      | Noticed Terence
  2220 | D:3      | Killed Terence
  2220 | D:3      | Reached XP level 5. HP: 27/37 MP: 8/14
  3362 | D:4      | Found a staircase to the Ecumenical Temple.
  3379 | Temple   | Entered the Ecumenical Temple
  3537 | Temple   | Became a worshipper of Gozag Ym Sagoz the Greedy
  3620 | D:4      | Reached XP level 6. HP: 33/44 MP: 9/16
  3623 | D:4      | Learned a level 1 spell: Magic Dart
  3831 | D:4      | Noticed Edmund
  3879 | D:4      | Killed Edmund
  3879 | D:4      | Reached skill level 5 in Shields
  4235 | D:4      | Reached XP level 7. HP: 46/50 MP: 18/18
  4261 | D:4      | Slain by an ogre

Levels and vault maps discovered:
D:1:      lemuel_arrival_room, layout_basic
D:2:      layout_loops_ring, first_ration
D:3:      layout_basic, uniq_terence
D:4:      minmay_opposing_rooms, layout_loops_ring,
          minmay_temple_entry_purple_smoke, uniq_edmund
Temple:   kilobyte_greek_temple

Skill      XL: |  1  2  3  4  5  6 |
---------------+-------------------+-----
Invocations    | 1 2 |  2.5
Fighting       | 1 2 |  2.2
Short Blades   | 1 2 |  2.2
Long Blades    | 1 2 |  2.2
Axes           | 1 2 |  2.2
Maces & Flails | 1 2 |  2.2
Polearms       | 1 2 |  2.2
Staves         | 1 2 |  2.2
Slings         | 1 2 |  2.2
Bows           | 1 2 |  2.2
Crossbows      | 1 2 |  2.2
Throwing       | 1 2 |  2.2
Armour         | 1 2 |  2.2
Dodging        | 1 2 |  2.2
Stealth        | 1 2 |  2.2
Unarmed Combat | 1 2 |  2.2
Evocations     | 1 2 |  2.2
Hexes          | 1 |  1.8
Charms         | 1 |  1.8
Summonings     | 1 |  1.8
Necromancy     | 1 |  1.8
Translocations | 1 |  1.8
Transmutations | 1 |  1.8
Ice Magic      | 1 |  1.8
Air Magic      | 1 |  1.8
Earth Magic    | 1 |  1.8
Poison Magic   | 1 |  1.8
Conjurations   | 4 |  4.2
Shields        | 5 |  5.1
Spellcasting   | |  7.5
Fire Magic     | |  5.7

Action                   |  1- 3 |  4- 6 |  7- 9 || total
-------------------------+-------+-------+-------++-------
Melee: Club              |     5 |       |       ||     5
       Bite              |     2 |    10 |     2 ||    14
       Short sword       |       |     1 |       ||     1
       Mace              |       |    39 |       ||    39
       Punch             |       |     3 |       ||     3
       Dire flail        |       |    17 |    10 ||    27
 Cast: Flame Tongue      |    50 |    76 |       ||   126
       Call Imp          |     1 |       |       ||     1
       Magic Dart        |       |     3 |       ||     3
       Mephitic Cloud    |       |     1 |       ||     1
 Stab: Confused          |       |     4 |       ||     4
       Sleeping          |       |     1 |       ||     1
  Eat: Chunk             |     1 |     7 |       ||     8
       Ration            |       |       |     1 ||     1
Armor: Robe              |     3 |     3 |       ||     6
       Leather armour    |       |    13 |     1 ||    14
Dodge: Dodged            |    15 |    59 |     4 ||    78
